 Dungeon Crawl Stone Soup version 0.23-b1-6-ga921848b48 (webtiles) character file.

Game seed: 7944831375721783503

5279 Kohma the Grappler (level 10, -1/88 HPs)
             Began as a Ghoul Monk on Feb 2, 2019.
             Was a Priest of Makhleb.
             Slain by an orc warrior
             ... wielding a +0 flail
              (12 damage)
             ... on level 8 of the Dungeon.
             The game lasted 00:29:33 (8816 turns).

Kohma the Grappler (Ghoul Monk)                     Turns: 8816, Time: 00:29:34

Health: -1/88      AC: 11    Str: 24    XL:     10   Next: 63%
Magic:  13/14      EV:  7    Int:  5    God:    Makhleb [***...]
Gold:   104        SH:  0    Dex: 11    Spells: 9/9 levels left

rFire    . . .     SeeInvis .     - Unarmed
rCold    + . .     Gourm    .   (no shield)
rNeg     + + +     Faith    .   i - +0 plate armour
rPois    ∞         Spirit   .   s - +0 helmet
rElec    .         Reflect  .   (no cloak)
rCorr    .         Harm     .   (no gloves)
MR       .....                  (no boots)
Stlth    ..........             (no amulet)
HPRegen  0.00/turn              (no ring)
MPRegen  0.14/turn              (no ring)

@: mighty, rotting
A: rotting body, claws 1, carnivore, cold resistance 1, negative energy
resistance 3, inhibited regeneration, torment resistance, unbreathing
a: Minor Destruction, Lesser Servant of Makhleb, Renounce Religion


You were on level 8 of the Dungeon.
You worshipped Makhleb.
Makhleb was most pleased with you.
You were not hungry.

You visited 2 branches of the dungeon, and saw 9 of its levels.

You collected 319 gold pieces.
You spent 215 gold pieces at shops.

Inventory:

Hand Weapons
 y - a +1 arbalest
Missiles
 e - 234 stones
 j - 6 tomahawks of returning
 v - 4 throwing nets (quivered)
 z - 21 bolts
Armour
 i - a +0 plate armour (worn)
 s - a +0 helmet (worn)
Jewellery
 m - a +5 amulet of reflection {unknown}
Wands
 r - a wand of polymorph (7)
 t - a wand of flame (16)
Scrolls
 a - a scroll of acquirement {unknown}
 c - 3 scrolls of teleportation
 d - 8 scrolls of remove curse
 f - a scroll of fog
 l - a scroll of identify
Potions
 g - 4 potions of curing
 h - a potion of flight
 k - 2 potions of resistance
 n - 2 potions of brilliance
 q - 2 potions of haste
 u - a potion of might
 w - 2 potions of magic
Comestibles
 b - 11 rations
 o - 4 chunks of flesh


   Skills:
 - Level 8.0 Fighting
 - Level 2.6 Dodging
 - Level 2.1 Stealth
 * Level 13.5 Unarmed Combat
 + Level 6.6 Invocations


You had 9 spell levels left.
You didn't know any spells.
Your spell library contained the following spells:

 Spells                   Type           Power        Failure   Level  Hunger
 Corona                   Hex            #......      100%        1    ##.....
 Flame Tongue             Conj/Fire      #....        100%        1    ##.....
 Ensorcelled Hibernation  Hex/Ice        #.....       100%        2    ###....
 Throw Flame              Conj/Fire      #.....       100%        2    ###....
 Confuse                  Hex            #.......     100%        3    ####...
 Conjure Flame            Conj/Fire      #.......     100%        3    ####...
 Dazzling Spray           Conj/Hex       #.....       100%        3    ####...
 Inner Flame              Hex/Fire       #.......     100%        3    ####...
 Tukima's Dance           Hex            #.......     100%        3    ####...
 Sticky Flame             Conj/Fire      #.......     100%        4    #####..
 Fireball                 Conj/Fire      #.........   100%        5    ######.


Dungeon Overview and Level Annotations

Branches:
Dungeon (8/15)             Temple (1/1) D:6
   Lair: D:8-11

Altars:
Cheibriados
Dithmenos
Elyvilon
Fedhas
Gozag
Hepliaklqana
Kikubaaqudgha
Makhleb
Okawaru
Qazlal
Ru
Sif Muna
Trog
Uskayaw
Vehumet
Wu Jian
Xom
Yredelemnul
Zin
The Shining One

Shops:
D:4 ?   D:7 ==?

Annotations:
D:7 3 runed translucent doors, Mandevil's ghost, novice MiWn


Innate Abilities, Weirdness & Mutations

Your body is rotting away.
You thrive on raw meat.
You are immune to poison.
You have sharp fingernails.
You are carnivorous and can eat meat at any time.
Your flesh is cold resistant. (rC+)
You are immune to negative energy. (rN+++)
You do not regenerate when monsters are visible.
You are immune to unholy pain and torment.
You can survive without breathing.


Message History

You mangle the bullfrog zombie!!
The bullfrog zombie is almost destroyed.
The bullfrog zombie hits you but does no damage.
You claw the bullfrog zombie!
You destroy the bullfrog zombie!
Makhleb accepts your kill.
The orc warrior hits you but does no damage.
You claw the orc!
You kill the orc!
Makhleb accepts your kill. The orc warrior closely misses you.
You claw the orc warrior!
The orc warrior is heavily wounded.
The quokka bites you but does no damage.
You mangle the quokka!!
You kill the quokka!
Makhleb accepts your kill.
You feel better.
The orc warrior hits you with a +0 flail!
You die...

#.#.....#
#....... #
#.....#
#?.....
#.....#
#.....
#.....# #().
#.....#
########.####
......
............#
.......o....#
....(.)@.††)#
##.########)#
###..# #....#
##....#
#.....#
#.(..##
#....# #..###


You could see an orc warrior.

Vanquished Creatures
  A two-headed ogre (D:8)
  Pikel (D:6)
  A cyclops (D:8)
  Prince Ribbit (D:6)
  Sigmund (D:3)
  Menkaure (D:6)
  Edmund (D:4)
  A black bear (D:7)
  2 ice beasts
  3 orc warriors
  4 slaves (D:6)
  A phantom (D:6)
  6 ogres
  3 centaurs
  2 sky beasts
  A bullfrog (D:6)
  2 scorpions (D:6)
  3 killer bees
  A jelly (D:8)
  A howler monkey (D:4)
  2 crimson imps
  4 orc priests
  A centaur zombie (D:4)
  A bullfrog zombie (D:8)
  3 hounds
  2 centaur skeletons
  2 bullfrog skeletons
  Jessica (D:3)
  Ijyb (D:4)
  2 iguanas (D:6)
  7 orc wizards
  Terence (D:3)
  8 worker ants
  Robin (D:3)
  3 worker ant zombies
  9 adders
  3 gnolls (D:6)
  A shadow imp (D:8)
  An ooze (D:7)
  3 adder skeletons
  3 adder zombies
  2 worms
  2 dart slugs
  4 leopard geckos
  14 orcs
  A giant cockroach (D:3)
  6 hobgoblins
  14 jackals
  6 quokkas
  2 ball pythons
  A ball python skeleton (D:4)
  4 bats
  7 frilled lizards
  A giant cockroach zombie (D:4)
  15 goblins
  A jackal skeleton (D:4)
  8 kobolds
  A leopard gecko skeleton (D:4)
  2 quokka skeletons
  2 quokka zombies (D:4)
  4 rats
193 creatures vanquished.

Notes
Turn   | Place    | Note
-------+----------+-------------------------------------------
     0 | D:1      | Kohma the Ghoul Monk began the quest for the Orb.
     0 | D:1      | Reached XP level 1. HP: 19/19 MP: 0/0
   235 | D:1      | Reached XP level 2. HP: 19/26 MP: 1/1
   699 | D:2      | Reached skill level 4 in Unarmed Combat
   732 | D:2      | Reached XP level 3. HP: 16/33 MP: 2/2
  1229 | D:2      | Reached XP level 4. HP: 17/39 MP: 3/3
  1575 | D:3      | Reached skill level 5 in Unarmed Combat
  1634 | D:3      | Reached XP level 5. HP: 46/46 MP: 4/4
  1647 | D:3      | Found a shimmering altar of Xom.
  1847 | D:3      | Noticed Sigmund
  1852 | D:3      | Noticed Jessica
  1862 | D:3      | Killed Sigmund
  1862 | D:3      | Reached skill level 5 in Fighting
  1862 | D:3      | Reached skill level 6 in Unarmed Combat
  1862 | D:3      | Reached XP level 6. HP: 23/55 MP: 5/5
  1865 | D:3      | Killed Jessica
  1890 | D:3      | Noticed an ice beast
  1913 | D:3      | Killed an ice beast
  1913 | D:3      | Reached skill level 7 in Unarmed Combat
  2188 | D:3      | Noticed Terence
  2195 | D:3      | Killed Terence
  2195 | D:3      | Reached XP level 7. HP: 60/60 MP: 6/6
  2302 | D:3      | Noticed Robin
  2330 | D:3      | Killed Robin
  2533 | D:4      | Noticed Ijyb
  2547 | D:4      | Killed Ijyb
  2930 | D:4      | Found a basalt altar of Yredelemnul.
  3058 | D:4      | Found Ipsuammi's Magic Scroll Shop.
  3063 | D:4      | Bought a scroll of teleportation for 33 gold pieces
  3063 | D:4      | Bought a scroll of magic mapping for 38 gold pieces
  3063 | D:4      | Bought a scroll of fear for 38 gold pieces
  3063 | D:4      | Bought a scroll of identify for 22 gold pieces
  3146 | D:4      | Found an ornate altar of the Wu Jian Council.
  3260 | D:4      | You fall through a shaft!
  3260 | D:5      | Entered Level 5 of the Dungeon
  3271 | D:5      | Reached skill level 8 in Unarmed Combat
  3364 | D:5      | Found a snail-covered altar of Cheibriados.
  3442 | D:4      | Noticed Edmund
  3449 | D:4      | Killed Edmund
  3449 | D:4      | Reached XP level 8. HP: 62/71 MP: 7/7
  3777 | D:5      | Reached skill level 9 in Unarmed Combat
  3778 | D:5      | Found a white marble altar of Elyvilon.
  4635 | D:5      | Found a bloodstained altar of Trog.
  4637 | D:5      | Found a radiant altar of Vehumet.
  4770 | D:6      | Found a blossoming altar of Fedhas.
  5034 | D:6      | Reached skill level 10 in Unarmed Combat
  5150 | D:6      | Found a staircase to the Ecumenical Temple.
  5159 | Temple   | Entered the Ecumenical Temple
  5221 | Temple   | Became a worshipper of Makhleb the Destroyer
  5221 | Temple   | Reached * piety under Makhleb
  5221 | Temple   | Reached ** piety under Makhleb
  5269 | D:6      | Reached XP level 9. HP: 60/80 MP: 8/8
  5480 | D:6      | Reached skill level 1 in Invocations
  5751 | D:6      | Noticed Menkaure
  5759 | D:6      | Killed Menkaure
  5800 | D:6      | Noticed Pikel
  5808 | D:6      | Killed Pikel
  5808 | D:6      | Reached skill level 11 in Unarmed Combat
  6209 | D:6      | Found a stormy altar of Qazlal.
  6642 | D:6      | Noticed Prince Ribbit
  7366 | D:6      | Found a stormy altar of Qazlal.
  7577 | D:6      | Killed Prince Ribbit
  7577 | D:6      | Reached skill level 12 in Unarmed Combat
  7730 | D:7      | Found Loiduop's Jewellery Shoppe.
  7852 | D:7      | Found Nyntonyo's Jewellery Boutique.
  7941 | D:7      | Reached skill level 5 in Invocations
  7941 | D:7      | Reached XP level 10. HP: 83/83 MP: 12/12
  7958 | D:7      | Found an iron altar of Okawaru.
  7998 | D:7      | Found Hiufrohe's Weapon Shoppe.
  8008 | D:7      | Found a runed translucent gate.
  8009 | D:7      | Found a runed translucent gate.
  8010 | D:7      | Found a runed translucent gate.
  8012 | D:7      | Noticed Mandevil's ghost (novice MiWn)
  8097 | D:7      | Found Jiejitus's Magic Scroll Shop.
  8102 | D:7      | Bought a scroll of identify for 28 gold pieces
  8102 | D:7      | Bought a scroll of identify for 28 gold pieces
  8102 | D:7      | Bought a scroll of identify for 28 gold pieces
  8422 | D:8      | Reached *** piety under Makhleb
  8430 | D:8      | Found a glowing golden altar of the Shining One.
  8432 | D:8      | Found a hazy altar of Hepliaklqana.
  8474 | D:8      | Noticed a two-headed ogre
  8488 | D:8      | Killed a two-headed ogre
  8488 | D:8      | Reached skill level 13 in Unarmed Combat
  8759 | D:8      | Noticed a cyclops
  8773 | D:8      | Killed a cyclops
  8816 | D:8      | Slain by an orc warrior

Skill      XL: |  1  2  3  4  5  6  7  8  9 10 |
---------------+-------------------------------+-----
Unarmed Combat | 4 5 6 7 8 10 12 13 | 13.5
Fighting       | 4 5 6 7 8 |  8.0
Invocations    | 5 6 |  6.6
Dodging        | |  2.6
Stealth        | |  2.1

Action                   |  1- 3 |  4- 6 |  7- 9 | 10-12 || total
-------------------------+-------+-------+-------+-------++-------
Melee: Unarmed           |   142 |    97 |   423 |    84 ||   746
       Punch             |       |     2 |    22 |     5 ||    29
Throw: Throwing net      |       |       |     1 |       ||     1
Evoke: Wand              |       |       |     1 |       ||     1
  Use: Scroll            |       |       |    15 |     5 ||    20
       Potion            |       |       |       |     2 ||     2
 Stab: Sleeping          |     2 |       |       |       ||     2
  Eat: Chunk             |     8 |    14 |    18 |    11 ||    51
       Ration            |       |       |     1 |       ||     1
Armor: Robe              |    20 |     3 |       |       ||    23
       Scale mail        |       |    16 |   128 |       ||   144
       Plate armour      |       |       |    34 |    28 ||    62
Dodge: Dodged            |   101 |    51 |   182 |    22 ||   356
